 Dungeon Crawl Stone Soup version 0.30.0-18-gc0e69614cb (webtiles) character file.

Game seed: 2931329948027174299

714 bmack86 the Cleaver (level 7, 0/57 HPs)
             Began as a Minotaur Fighter on May 25, 2023.
             Slain by Blork the orc
             ... wielding a +1 glaive of pain
              (1 damage)
             ... on level 4 of the Dungeon on May 26, 2023.
             The game lasted 00:08:43 (2977 turns).

bmack86 the Cleaver (Minotaur Fighter)              Turns: 2977, Time: 00:08:44

Health: 0/57       AC: 10    Str: 23    XL:     7   Next: 41%
Magic:  6/6        EV:  8    Int:  5    God:
Gold:   99         SH:  4    Dex: 12    Spells: 6/6 levels left

rFire   . . .        a - +1 war axe
rCold   . . .        c - +0 buckler
rNeg    . . .        p - +0 chain mail
rPois   .            (helmet restricted)
rElec   .            (no cloak)
rCorr   .            l - +0 pair of gloves {Dex+3}
SInv    .            (no boots)
Will    .....        (no amulet) Stlth
                     (no ring)
HPRegen 0.29/turn    (no ring)
MPRegen 0.10/turn

%: no passive effects
@: no status effects
A: horns 2, retaliatory headbutt
a: no special abilities


You were on level 4 of the Dungeon.
You visited 2 branches of the dungeon, and saw 5 of its levels.

You collected 99 gold pieces.

Inventory:

Hand Weapons
 a - a +1 war axe (weapon)
Missiles
 f - 2 javelins
 n - 3 boomerangs (quivered)
Armour
 b - a +0 scale mail
 c - a +0 buckler (worn)
 l - a +0 pair of gloves of dexterity (worn)
 p - a +0 chain mail (worn)
 q - a +0 tower shield
Wands
 r - a wand of polymorph (4)
Scrolls
 e - a scroll of fog {unknown}
 s - a scroll of fear
Potions
 d - a potion of might
 g - a potion of cancellation
 h - a potion of heal wounds {unknown}
 i - a potion of magic {unknown}
 j - a potion of ambrosia {unknown}
 k - 3 potions of curing
 m - a potion of resistance {unknown}
 o - a potion of lignification {unknown}


   Skills:
 - Level 3.6 Fighting
 + Level 10.1 Axes
 - Level 3.6 Armour
 - Level 3.6 Shields


You had 6 spell levels left.
You didn't know any spells.
Your spell library was empty.

Dungeon Overview and Level Annotations

Branches:
Dungeon (4/15)             Temple (1/1) D:4

Altars:
Ashenzari
Cheibriados
Dithmenos
Elyvilon
Hepliaklqana
Kikubaaqudgha
Makhleb
Nemelex Xobeh
Okawaru
Qazlal
Ru
Trog
Uskayaw
Vehumet
Wu Jian
Xom
Yredelemnul
The Shining One

Annotations:
D:4 Blork the orc


Innate Abilities, Weirdness & Mutations

You have a pair of horns on your head.
You reflexively headbutt those who attack you in melee.


Message History

Found a potion of degeneration.
A quokka comes into view.
A quokka is nearby!
Found 12 gold pieces.
The quokka bites you.
The quokka bites you but does no damage.
You slash the quokka!
You kill the quokka!
You see here a quokka corpse.
You now have 99 gold pieces (gained 12).
Blork the orc comes into view.
He is wielding a +1 glaive of pain.
Found a robe.
Blork the orc shouts!
Blork the orc hits you from afar with a +1 glaive of pain!
Found a stone staircase leading down.
Blork the orc hits you with a +1 glaive of pain!
You slash Blork the orc!
Blork the orc is heavily wounded.
Blork the orc hits you with a +1 glaive of pain.
You writhe in agony.
You hit Blork the orc. Your headbutt misses Blork the orc.
Blork the orc is heavily wounded.
Blork the orc hits you with a +1 glaive of pain!
* * * LOW HITPOINT WARNING * * *
You barely miss Blork the orc.
Blork the orc is heavily wounded.
Blork the orc miscasts a cantrip.
You slash Blork the orc! Your headbutt misses Blork the orc.
Blork the orc is almost dead.
Blork the orc casts a spell at you. The puff of flame misses you.
You barely miss Blork the orc.
Blork the orc is almost dead.
Blork the orc hits you with a +1 glaive of pain.
* * * LOW HITPOINT WARNING * * *
You closely miss Blork the orc.
Blork the orc is almost dead.
Blork the orc hits you with a +1 glaive of pain!
* * * LOW HITPOINT WARNING * * *
You writhe in agony.
You die...

##.......##
#..#.#.###......
...###.##
#..#.#.......... #....
.# #..#.#..........
#.###
.########..#.#..⌠.......
.........#.#..........
###.##.#........##
#........#..######
#.##.......... #
#@############. #
#....o..# .. #.......# .
#.......# #.......#
#.....[.# #.......#
#.>.....#


You could see Blork the orc.

Vanquished Creatures
  Pikel (D:4)
  A lemure (D:4)
  An orc priest (D:3)
  Jessica (D:2)
  Natasha (thrice) (D:2)
  An orc wizard (D:3)
  Robin (D:2)
  2 adders
  2 dart slugs (D:4)
  4 orcs
  A bat (D:3)
  4 endoplasms
  6 giant cockroaches
  10 goblins
  5 hobgoblins
  5 jackals
  2 quokkas (D:4)
  4 ball pythons
  4 frilled lizards
  6 kobolds
  2 rats
66 creatures vanquished.

Notes
Turn   | Place    | Note
-------+----------+-------------------------------------------
     0 | D:1      | bmack86 the Minotaur Fighter began the quest for the Orb.
     0 | D:1      | Reached XP level 1. HP: 19/19 MP: 0/0
   170 | D:1      | Reached skill level 3 in Axes
   180 | D:1      | Reached XP level 2. HP: 25/26 MP: 1/1
   702 | D:2      | Reached skill level 4 in Axes
   837 | D:2      | Noticed Robin
   846 | D:2      | Reached XP level 3. HP: 31/31 MP: 2/2
   851 | D:2      | Killed Robin
   949 | D:2      | Noticed Jessica
   951 | D:2      | Killed Jessica
   952 | D:2      | Reached skill level 5 in Axes
   952 | D:2      | Reached XP level 4. HP: 39/39 MP: 3/3
  1068 | D:2      | Noticed Natasha
  1078 | D:2      | Killed Natasha
  1215 | D:2      | Noticed Natasha
  1220 | D:2      | Killed Natasha
  1221 | D:2      | Reached skill level 6 in Axes
  1320 | D:2      | Noticed Natasha
  1328 | D:2      | Killed Natasha
  1329 | D:2      | Reached XP level 5. HP: 39/45 MP: 4/4
  1492 | D:3      | Reached skill level 7 in Axes
  2268 | D:4      | Found a hide-covered altar of Uskayaw.
  2306 | D:4      | Found a staircase to the Ecumenical Temple.
  2312 | Temple   | Entered the Ecumenical Temple
  2615 | D:4      | Noticed a lemure
  2621 | D:4      | Killed a lemure
  2622 | D:4      | Noticed Pikel
  2622 | D:4      | Noticed a lemure
  2622 | D:4      | Noticed a lemure
  2634 | D:4      | Noticed a lemure
  2636 | D:4      | Killed Pikel
  2637 | D:4      | Reached skill level 10 in Axes
  2637 | D:4      | Reached XP level 6. HP: 33/51 MP: 5/5
  2637 | D:4      | Reached XP level 7. HP: 37/57 MP: 6/6
  2969 | D:4      | Noticed Blork the orc
  2977 | D:4      | HP: 1/57 [Blork the orc/+1 glaive of pain (11)]
  2977 | D:4      | Slain by Blork the orc

Illustrated notes

Levels and vault maps discovered:
D:1:      dpeg_arrival_shelter, layout_loops_ring, minmay_unequal
D:2:      layout_loops_ring, uniq_jessica, uniq_robin, uniq_natasha
D:3:      layout_loops_ring
D:4:      layout_basic, nicolae_uskayaw_suspiria, minmay_temple_entry_hall,
          grunt_ministairs_10, solitary_fountain, nicolae_titane, uniq_pikel,
          uniq_blork_the_orc
Temple:   bh_familiar_temple

Skill      XL: |  1  2  3  4  5 |
---------------+----------------+-----
Axes           | 3 4 5 6 10 | 10.1
Fighting       | |  3.6
Armour         | |  3.6
Shields        | |  3.6

Action                     |  1- 3 |  4- 6 |  7- 9 || total
---------------------------+-------+-------+-------++-------
  Melee: War axe           |    55 |    78 |    12 ||   145
         Headbutt          |     9 |    12 |       ||    21
  Throw: Boomerang         |       |     1 |       ||     1
    Use: Scroll            |       |     7 |       ||     7
 Armour: Scale mail        |    27 |    24 |       ||    51
         Chain mail        |       |     6 |     4 ||    10
  Dodge: Dodged            |    20 |    26 |     3 ||    49
  Block: Buckler           |    12 |    12 |       ||    24
